[Event "*** Titled Tuesday Blitz"]
[Site "Chess.com"]
[Date "2019.03.05"]
[Round "7"]
[White "GadimbayliA"]
[Black "Last7Samurai"]
[Result "1-0"]
[WhiteElo "2854"]
[BlackElo "2687"]
[TimeControl "180+2"]
[EndTime "14:37:35 PST"]
[Termination "GadimbayliA won by resignation"]

1. e4 e5 2. Nf3 Nc6 3. Nc3 Nf6 4. d4 exd4 5. Nxd4 Bb4 6. Nxc6 bxc6 7. Bd3 d6 8. O-O Ng4 9. h3 Ne5 10. Na4 Nxd3 11.
Qxd3 O-O 12. a3 Ba5 13. b4 Bb6 14. Bb2 Qg5 15. Kh1 f5 16. Qc4+ Kh8 17. Qxc6 Be6 18. Nxb6 axb6 19. Qxc7 fxe4 20. Qxd6 Bc4 21. Rg1 Rxf2 22.
Qd4 Rxc2 23. Qxe4 Rxb2 24. Qxa8+ Bg8 25. Rae1 Qg3 26. Re8 Qb3 27. Rf1 h6 28. Rxg8+ 1-0

[Event "*** Titled Tuesday Blitz"]
[Site "Chess.com"]
[Date "2019.03.05"]
[Round "7"]
[White "Andrew-FB00"]
[Black "kinga2008"]
[Result "1-0"]
[WhiteElo "1851"]
[BlackElo "1843"]
[TimeControl "180+2"]
[EndTime "14:37:39 PST"]
[Termination "Andrew-FB00 won by resignation"]

1. e4 c5 2. Nf3 d6 3. Bb5+ Bd7 4. Bxd7+ Nxd7 5. O-O Ngf6 6. Re1 g6 7. c3 Bg7 8. d4 cxd4 9. cxd4 O-O 10. Nc3 Qb6 11.
e5 Ne8 12. e6 fxe6 13. Rxe6 Qd8 14. Nd5 Bf6 15. Bg5 Nc7 16. Nxc7 Qxc7 17. Qe2 Rae8 18.
Re1 Rf7 19. Bxf6 Nxf6 20. Ng5 Rff8 21. Rxe7 Rxe7 22. Qxe7 Re8 23. Qxe8+ Nxe8 24. Rxe8+ Kg7 25. Ne6+ 1-0

[Event "*** Titled Tuesday Blitz"]
[Site "Chess.com"]
[Date "2019.03.05"]
[Round "7"]
[White "7Madman"]
[Black "GataKamsky1974"]
[Result "0-1"]
[WhiteElo "2534"]
[BlackElo "2845"]
[TimeControl "180+2"]
[EndTime "14:37:40 PST"]
[Termination "GataKamsky1974 won by resignation"]

1. e4 c5 2. Nc3 Nc6 3. g3 g6 4.
Bg2 Bg7 5. d3 d6 6. f4 Rb8 7.
Nf3 b5 8. O-O b4 9. Ne2 Nf6 10. h3 O-O 11. Be3 Qc7 12. g4 e6 13.
Ng3 Re8 14. f5 exf5 15. gxf5 d5 16. e5 Nxe5 17. Nxe5 Qxe5 18. Bf4 Qd4+ 19. Kh1 Rb6 20. c3 bxc3 21. bxc3 Qxc3 22. Rc1 Qa3 23. d4 cxd4 24.
fxg6 hxg6 25. Rc7 Be6 26. Be5 Ne4 27. Rf3 Qxf3 28. Qxf3 Bxe5 29. Nxe4 Rb1+ 30. Bf1 dxe4 31. Qxe4 Rxf1+ 32. Kg2 Bxc7 33. Kxf1 Bc4+ 0-1

[Event "*** Titled Tuesday Blitz"]
[Site "Chess.com"]
[Date "2019.03.05"]
[Round "7"]
[White "Manukyan_Artak"]
[Black "TheBigBoss04"]
[Result "0-1"]
[WhiteElo "2413"]
[BlackElo "2559"]
[TimeControl "180+2"]
[EndTime "14:37:41 PST"]
[Termination "TheBigBoss04 won by resignation"]

1. e4 g6 2. d4 Bg7 3. c4 d6 4. Nc3 Nf6 5. Bg5 Nc6 6. f3 e5 7. d5 Nd4 8. Nge2 c5 9. dxc6 bxc6 10. Nxd4 exd4 11. Qxd4 O-O 12. O-O-O Be6 13. Qxd6 Qa5 14.
Be3 Rab8 15. Qc5 Qc7 16. Nb5 Qb7 17. Qxa7 cxb5 18. Qxb7 Rxb7 19. cxb5 Bxa2 20. b4 Rc8+ 21. Kb2 Nxe4+ 22. Kxa2 Nc3+ 23. Kb3 Nxd1 24. Bc5 Bf8 25.
Bc4 Bxc5 26. bxc5 Ne3 27. c6 Rxc6 0-1

[Event "*** Titled Tuesday Blitz"]
[Site "Chess.com"]
[Date "2019.03.05"]
[Round "7"]
[White "ALEXJR20"]
[Black "The_Lost_Rogainer"]
[Result "1-0"]
[WhiteElo "2176"]
[BlackElo "2097"]
[TimeControl "180+2"]
[EndTime "14:37:48 PST"]
[Termination "ALEXJR20 won by resignation"]

1. Nf3 Nf6 2. g3 d5 3. Bg2 c5 4. O-O Nc6 5. d3 e5 6. e4 Be7 7. Nc3 d4 8. Ne2 O-O 9. Ne1 Ne8 10. f4 Nd6 11. Nf3 f6 12. f5 c4 13. g4 cxd3 14.
cxd3 Bd7 15. Rf2 Rc8 16. Bf1 Nb4 17. Ng3 Qc7 18. Bd2 Qb6 19. Qb3+ Kh8 20. Qxb4 Qd8 21.
Qb3 b5 22. Rc1 a5 23. h4 b4 24. g5 a4 25. Qd1 Nb5 26. Rxc8 Qxc8 27. h5 Qd8 28. h6 fxg5 29. hxg7+ Kxg7 30. Nh5+ Kh8 31. Nxe5 Be8 32. Rh2 Qd6 33. Nc4 Bxh5 34. Qxh5 Qg3+ 35. Kh1 Rf7 36. Qxf7 Qf3+ 37. Kg1 Qg3+ 38. Rg2 1-0

[Event "*** Titled Tuesday Blitz"]
[Site "Chess.com"]
[Date "2019.03.05"]
[Round "7"]
[White "penguingm1"]
[Black "DanielMieles1985"]
[Result "1-0"]
[WhiteElo "2887"]
[BlackElo "2653"]
[TimeControl "180+2"]
[EndTime "14:37:50 PST"]
[Termination "penguingm1 won by resignation"]

1. d4 Nf6 2. c4 g6 3. f3 c5 4.
d5 Bg7 5. e4 d6 6. Nc3 O-O 7.
Nge2 e6 8. Ng3 exd5 9. cxd5 a6 10. a4 h5 11. Be2 Nbd7 12. Bg5 Qe8 13. Qd2 Nh7 14. Bh6 Qe7 15. O-O h4 16. Bxg7 Kxg7 17.
Nh1 f5 18. exf5 gxf5 19. f4 Ndf6 20. Nf2 Qf7 21. Nh3 Bd7 22. Ng5 Nxg5 23. fxg5 Nh7 24. Rf4 Nxg5 25. Rxh4 Qf6 26. Rf1 Rh8 27. Rg4 fxg4 28. Rxf6 Kxf6 29. Qf4+ Bf5 30. Bd3 Rag8 31.
Bxf5 Ke7 32. Bxg4 1-0

[Event "*** Titled Tuesday Blitz"]
[Site "Chess.com"]
[Date "2019.03.05"]
[Round "7"]
[White "MishkaFighter"]
[Black "OparinGrigoriy"]
[Result "0-1"]
[WhiteElo "2354"]
[BlackElo "2969"]
[TimeControl "180+2"]
[EndTime "14:38:00 PST"]
[Termination "OparinGrigoriy won by resignation"]

1. d4 Nf6 2. c4 e6 3. Nf3 b6 4. g3 Bb7 5. Bg2 Be7 6. O-O O-O 7. Nc3 Ne4 8. Nxe4 Bxe4 9. Ne1 Bxg2 10. Nxg2 d5 11.
Qa4 c6 12. Rd1 Qd7 13. Nf4 b5 14. cxb5 cxb5 15. Qb3 a5 16. a4 b4 17. e4 dxe4 18. d5 e5 19. d6 Bxd6 20. Qd5 Ra6 21. Ng2 Qc6 22. Qb3 Nd7 23. Be3 Nc5 24. Bxc5 Bxc5 25. Rac1 Qb6 26. Qc2 Bd4 27. Qxe4 Bxf2+ 28. Kh1 Bd4 29.
Nh4 Bxb2 30. Rc2 Bd4 31. Nf5 g6 32. Ne7+ Kg7 33. Nd5 Qd6 34. Rc4 Rc6 35. Rdxd4 exd4 36. Qxd4+ f6 37. Qa7+ Rf7 38. Rxc6 Qxd5+ 39. Kg1 Rxa7 0-1

[Event "*** Titled Tuesday Blitz"]
[Site "Chess.com"]
[Date "2019.03.05"]
[Round "7"]
[White "DanielNaroditsky"]
[Black "SuperCheese"]
[Result "1-0"]
[WhiteElo "2971"]
[BlackElo "2629"]
[TimeControl "180+2"]
[EndTime "14:38:00 PST"]
[Termination "DanielNaroditsky won by resignation"]

1. e4 e6 2. d4 d5 3. Nd2 c5 4.
Ngf3 cxd4 5. Nxd4 Nf6 6. exd5 Qxd5 7. Nb5 Na6 8. Bc4 Qc6 9. O-O Be7 10. Nd4 Qb6 11.
N2f3 O-O 12. Be3 Qc7 13. Qe2 Nb4 14. Nb5 Qa5 15. Bd2 a6 16. Nbd4 Qh5 17. a3 Nbd5 18.
Rfe1 b5 19. Bd3 Bb7 20. h3 Rad8 21. Qf1 Bc5 22. Re5 Bxd4 23. Rxh5 Nxh5 24. Nxd4 Ndf4 25. Bxf4 Nxf4 26. Nf3 Bxf3 27. gxf3 Rd5 28. Kh2 Rh5 29.
Rd1 e5 30. Be4 g6 31. Rd7 Kg7 32. Bd5 Kf6 33. c4 bxc4 34. Qxc4 Rxh3+ 35. Kg1 Rh5 36. Bxf7 Rg5+ 37. Kf1 Rf5 38. Qc5 Rxf7 39. Rxf7+ Kxf7 40. Qa7+ Kf6 41. Qxa6+ Kg5 42. b4 h5 43. b5 h4 44. Qc8 h3 45. Qh8 Nh5 46. b6 Rxf3 47. b7 h2 48. Qxe5+ Kg4 49. Qxh2 Rb3 50. b8=Q 1-0

[Event "*** Titled Tuesday Blitz"]
[Site "Chess.com"]
[Date "2019.03.05"]
[Round "7"]
[White "tunadrol"]
[Black "gmjlh"]
[Result "0-1"]
[WhiteElo "2499"]
[BlackElo "2714"]
[TimeControl "180+2"]
[EndTime "14:38:05 PST"]
[Termination "gmjlh won by resignation"]

1. e4 c5 2. Nf3 Nc6 3. d4 cxd4 4. Nxd4 Nf6 5. Nc3 e5 6. Ndb5 d6 7. Bg5 a6 8. Na3 b5 9. Nd5 Be7 10. Bxf6 Bxf6 11. c3 O-O 12. Nc2 Rb8 13. Nce3 Bg5 14.
Be2 Bxe3 15. Nxe3 Ne7 16. Qd3 Qc7 17. Rd1 Rd8 18. O-O Be6 19. Nd5 Bxd5 20. exd5 f5 21. f4 Qc5+ 22. Kh1 e4 23. Qh3 Rf8 24. g4 g6 25. gxf5 Nxf5 26. b4 Qe3 27. Qg2 Qxc3 28.
Qxe4 Rbe8 29. Qd3 Qxd3 30. Bxd3 Ne3 31. f5 Nxd1 32. Rxd1 gxf5 33. Rg1+ Kh8 34. Rf1 Re5 0-1

[Event "*** Titled Tuesday Blitz"]
[Site "Chess.com"]
[Date "2019.03.05"]
[Round "7"]
[White "Kimster98"]
[Black "Vamostodorecto"]
[Result "0-1"]
[WhiteElo "2605"]
[BlackElo "2543"]
[TimeControl "180+2"]
[EndTime "14:38:14 PST"]
[Termination "Vamostodorecto won by resignation"]

1. Nf3 Nf6 2. g3 g6 3. b3 Bg7 4. Bb2 O-O 5. Bg2 d5 6. c4 c6 7. O-O Bf5 8. d3 Qc8 9. Nbd2 Bh3 10. b4 Bxg2 11. Kxg2 Re8 12. Rc1 Qf5 13. cxd5 cxd5 14. Rc7 Nc6 15. Rxb7 Qc8 16. Rb5 e5 17. Rc5 Qb7 18.
b5 Nd8 19. Bxe5 Ne6 20. Rc2 Qxb5 21. Qa1 Nh5 22. Rb1 Qa4 23. Nb3 Qg4 24. Bxg7 Nef4+ 25. Kh1 Rxe2 26. Ne5 Qh3 27. gxf4 Rxc2 28. Rg1 Rxf2 29.
Ng4 Qf3+ 0-1

[Event "*** Titled Tuesday Blitz"]
[Site "Chess.com"]
[Date "2019.03.05"]
[Round "7"]
[White "Mikhail_Golubev"]
[Black "731291"]
[Result "1/2-1/2"]
[WhiteElo "2459"]
[BlackElo "2666"]
[TimeControl "180+2"]
[EndTime "14:38:16 PST"]
[Termination "Game drawn by agreement"]

1. e4 c5 2. Nf3 e6 3. d4 cxd4 4. Nxd4 Nc6 5. Nc3 Qc7 6. Be3 a6 7. a3 Nf6 8. f4 d6 9. Qf3 Bd7 10. O-O-O Be7 11. Rg1 Nxd4 12. Bxd4 e5 13. fxe5 dxe5 14.
Qg3 Bd6 15. Qxg7 O-O-O 16. Be3 Ng4 17. Nd5 Qc6 18. Bb6 Rdf8 19. Qg5 Kb8 20. h3 Be6 21. Qd2 Bxd5 22. Qxd5 Qxb6 23. Qxd6+ Qxd6 24. Rxd6 Nf2 25. Rd5 f5 26. exf5 Rxf5 27. Be2 Re8 28. Kd2 Rg5 29. Ke3 Nxh3 30. Rh1 Nf4 31. Rd7 Nxg2+ 32. Kd2 Nf4 33.
Rhxh7 Rg2 34. Rxb7+ Ka8 35. Ra7+ Kb8 36. Rhb7+ Kc8 37. Rc7+ Kb8 38. Rcb7+ Kc8 39. Rc7+ 1/2-1/2

[Event "*** Titled Tuesday Blitz"]
[Site "Chess.com"]
[Date "2019.03.05"]
[Round "7"]
[White "Caterpiller35"]
[Black "Chessialist"]
[Result "0-1"]
[WhiteElo "2340"]
[BlackElo "2497"]
[TimeControl "180+2"]
[EndTime "14:38:27 PST"]
[Termination "Chessialist won by resignation"]

1. d4 Nf6 2. Bg5 Ne4 3. Bf4 d5 4. e3 Bf5 5. f3 Nd6 6. g4 Bg6 7. c4 dxc4 8. Bxc4 Nxc4 9. Qa4+ Nc6 10. Qxc4 e6 11. Nc3 Bd6 12. Nge2 h5 13. g5 Bxf4 14.
Nxf4 Qxg5 15. O-O-O Qf5 16. Nxg6 Qxg6 17. Rhg1 Qh6 18. f4 O-O-O 19. Kb1 Qh7+ 20. Ka1 Kb8 21. Rg5 Qc2 22. Rxg7 Rd7 23. Qe2 Nb4 24. Rd2 Qc1+ 25. Nb1 Rhd8 26. a3 Nd5 27. Rd1 Qxe3 28. Qxh5 Qxf4 29.
Qh7 Ne3 30. Rc1 Nf5 31. Rxf7 Rxf7 32. Qxf7 Qxc1 0-1

[Event "*** Titled Tuesday Blitz"]
[Site "Chess.com"]
[Date "2019.03.05"]
[Round "7"]
[White "bootstar"]
[Black "davidarenas1224"]
[Result "0-1"]
[WhiteElo "2596"]
[BlackElo "2521"]
[TimeControl "180+2"]
[EndTime "14:38:28 PST"]
[Termination "davidarenas1224 won by checkmate"]

1. e4 e5 2. Nf3 Nc6 3. Bb5 a6 4. Ba4 Nf6 5. Bxc6 dxc6 6. d3 Bd6 7. Nbd2 O-O 8. Nc4 Qe7 9. O-O h6 10. Kh1 Be6 11. Ne3 Qd7 12. Nh4 Rfe8 13. Nef5 Bf8 14.
Qf3 Qd8 15. Qg3 Kh7 16. Qxe5 g6 17. Ng3 Ng4 18. Qf4 Qxh4 19. h3 Bd6 20. Qf3 Nxf2+ 21. Rxf2 Qxg3 22. Qxg3 Bxg3 23. Rf3 Be5 24. c3 c5 25. Be3 Bd6 26. b3 Rad8 27. Raf1 Kg7 28. b4 cxb4 29. d4 c6 30. d5 cxd5 31. Bd4+ Kg8 32. e5 Bf8 33. cxb4 Rc8 34. a3 Rc4 35. Be3 d4 36. Bd2 Rc2 37. Rd3 Bc4 38. Rff3 Bxd3 39. Rxd3 Rd8 40. h4 Bg7 41. h5 Rxd2 42. Rxd2 Bxe5 43. hxg6 fxg6 44. Kg1 d3 45. Kf2 Bd4+ 46. Kf3 Bc3 47. Rd1 d2 48. Ke2 Kg7 49. g4 b5 50. g5 hxg5 51. Ke3 g4 52. Kf4 Re8 53.
Kxg4 Re1 54. Rxd2 Bxd2 55. a4 bxa4 56. b5 axb5 57. Kf3 Re3+ 58. Kf2 a3 59. Kg2 a2 60.
Kf2 a1=Q 61. Kg2 Qb2 62. Kh2 Bc3+ 63. Kg1 Re1# 0-1

[Event "*** Titled Tuesday Blitz"]
[Site "Chess.com"]
[Date "2019.03.05"]
[Round "7"]
[White "DrRiebert"]
[Black "Gentlejimmy7"]
[Result "0-1"]
[WhiteElo "2426"]
[BlackElo "2411"]
[TimeControl "180+2"]
[EndTime "14:38:30 PST"]
[Termination "Gentlejimmy7 won by resignation"]

1. e4 e5 2. Nf3 Nc6 3. d4 exd4 4. Nxd4 Bc5 5. Nb3 Bb6 6. Nc3 Nge7 7. Qe2 O-O 8. Be3 f5 9. O-O-O f4 10. Bxb6 axb6 11.
f3 d6 12. Kb1 Be6 13. Qd2 Kh8 14. Be2 Ng6 15. g3 Qe7 16. Rdg1 Qf7 17. g4 Nb4 18. h4 Ne5 19. g5 Nxa2 20. Nxa2 Bxb3 21. cxb3 Qxb3 22.
Nc1 Qa4 23. Qc3 Ra5 24. b3 Qa3 25. Rd1 Rfa8 26. Qb2 Qb4 27. Rd4 Ra1+ 28. Kc2 Qc5+ 29. Kd2 Nc6 30. Rd3 Nb4 31. Qc3 Nxd3 32. Bxd3 Qe3+ 33.
Kc2 Qf2+ 34. Be2 R8a2+ 35. Nxa2 Qxe2+ 0-1

[Event "*** Titled Tuesday Blitz"]
[Site "Chess.com"]
[Date "2019.03.05"]
[Round "7"]
[White "Dyadya81"]
[Black "IIIlllII1llIl"]
[Result "1-0"]
[WhiteElo "2764"]
[BlackElo "2591"]
[TimeControl "180+2"]
[EndTime "14:38:33 PST"]
[Termination "Dyadya81 won by resignation"]

1. Nf3 g6 2. g3 Bg7 3. d4 Nf6 4. Bg2 O-O 5. c4 c6 6. O-O d5 7. Qb3 Qb6 8. Nc3 Qxb3 9. axb3 Rd8 10. h3 Bf5 11. Be3 Nbd7 12. Nd2 Be6 13. c5 h5 14. b4 a6 15. Nb3 Bf5 16. Na5 Ra7 17. b5 cxb5 18. c6 Nb6 19. cxb7 Re8 20. Bf4 Nfd7 21. Nxd5 Nxd5 22. Bxd5 Bxd4 23. Nc6 Rxb7 24. Nxd4 Rb6 25. Bc7 Rf6 26. e4 Bxh3 27. e5 Bxf1 28. Kxf1 e6 29. exf6 exd5 30. Rxa6 Nc5 31. Rb6 Nd3 32. Rxb5 Re1+ 33.
Kg2 Rd1 34. Rb8+ Kh7 35. Nf3 g5 36. Nxg5+ Kg6 37. Nf3 Rb1 38. Ne5+ 1-0

[Event "*** Titled Tuesday Blitz"]
[Site "Chess.com"]
[Date "2019.03.05"]
[Round "7"]
[White "SantoBlue"]
[Black "kosya4ok"]
[Result "1-0"]
[WhiteElo "2724"]
[BlackElo "2668"]
[TimeControl "180+2"]
[EndTime "14:38:46 PST"]
[Termination "SantoBlue won by resignation"]

1. e4 c5 2. Nf3 d6 3. Bb5+ Nd7 4.
O-O a6 5. Bxd7+ Bxd7 6. d4 cxd4 7. Qxd4 Nf6 8. c4 e6 9. Nc3 Be7 10. Qd3 O-O 11. Bf4 Bc6 12. Rad1 Qa5 13. a3 Rfd8 14. h3 b5 15. cxb5 axb5 16. Nd4 Be8 17. Ndxb5 Bxb5 18. Nxb5 Nxe4 19. b4 Qb6 20. Qxe4 Qxb5 21.
Bxd6 Bxd6 22. Rxd6 Rdc8 23. Rfd1 g6 24. R6d3 h5 25. h4 Kg7 26. Qd4+ Kg8 27. Qf6 Rf8 28. g3 Qc4 29. Kh2 Qa2 30. R1d2 Qb1 31. Rd8 Raxd8 32. Rxd8 Rxd8 33. Qxd8+ Kg7 34. Qd4+ f6 35. a4 e5 36. Qd7+ Kh6 37. Qd2+ Kg7 38. a5 Qb3 39. a6 Qa4 40. b5 Qxb5 41. Qa2 Qd5 42.
Qxd5 1-0

[Event "*** Titled Tuesday Blitz"]
[Site "Chess.com"]
[Date "2019.03.05"]
[Round "7"]
[White "Blagorod"]
[Black "j2806"]
[Result "1-0"]
[WhiteElo "2124"]
[BlackElo "1793"]
[TimeControl "180+2"]
[EndTime "14:38:46 PST"]
[Termination "Blagorod won by resignation"]

1. e4 c5 2. Nc3 Nc6 3. g3 g6 4. Bg2 Bg7 5. d3 e6 6. Be3 d6 7. f4 Nge7 8. Nf3 O-O 9. O-O b6 10. Bf2 Bb7 11. Qd2 d5 12. e5 d4 13. Ne4 h5 14. h3 Nd5 15. g4 hxg4 16. hxg4 Bh6 17.
Bg3 Qe7 18. Kf2 Rfd8 19. Rh1 Bg7 20. g5 b5 21. Rh4 c4 22. Rah1 Ne3 23. Nf6+ Kf8 24.
Rh7 Nxg2 25. Kxg2 Qc7 26. Kf1 Bxf6 27. gxf6 Ke8 28. Ng5 cxd3 29. Rxf7 Qxf7 30. Nxf7 Kxf7 31. Rh7+ Ke8 32. Rxb7 1-0

[Event "*** Titled Tuesday Blitz"]
[Site "Chess.com"]
[Date "2019.03.05"]
[Round "7"]
[White "kuli4ik"]
[Black "GrigorGrigorov"]
[Result "1-0"]
[WhiteElo "2776"]
[BlackElo "2822"]
[TimeControl "180+2"]
[EndTime "14:38:48 PST"]
[Termination "kuli4ik won on time"]

1. d4 Nf6 2. Bg5 e6 3. e4 h6 4. Bxf6 Qxf6 5. c3 d6 6. Bc4 g6 7. Ne2 Bg7 8. O-O O-O 9. f4 Qe7 10. e5 dxe5 11. fxe5 c5 12. Nd2 cxd4 13. cxd4 Nc6 14.
Ne4 b6 15. Rc1 Bb7 16. Nd6 Rad8 17. Qa4 Ba8 18. Bb3 Nxe5 19. dxe5 Qg5 20. Rf2 Bxe5 21. Nxf7 Rxf7 22. Bxe6 Rf8 23. Bxf7+ Kh8 24. Rcf1 Bd6 25.
Qd4+ Be5 26. Qd7 1-0

[Event "*** Titled Tuesday Blitz"]
[Site "Chess.com"]
[Date "2019.03.05"]
[Round "7"]
[White "PotapovaM"]
[Black "mikhaillushenkov"]
[Result "0-1"]
[WhiteElo "2431"]
[BlackElo "2618"]
[TimeControl "180+2"]
[EndTime "14:38:48 PST"]
[Termination "mikhaillushenkov won by resignation"]

1. d4 Nf6 2. c4 e6 3. Nf3 Bb4+ 4. Nbd2 O-O 5. a3 Bxd2+ 6. Bxd2 b6 7. e3 Bb7 8. Bd3 Be4 9. Qc2 Bxd3 10. Qxd3 d5 11. O-O c6 12. b4 Ne4 13. Rfc1 Nd6 14. cxd5 cxd5 15. Be1 Nd7 16. Nd2 Rc8 17. Qa6 Rxc1 18. Rxc1 Qb8 19. a4 h5 20. f3 Rc8 21. Rxc8+ Nxc8 22. Bg3 Qa8 23. Nb1 Ne7 24. Nc3 Nc6 25. Bd6 Nf6 26. Nb5 Ne8 27. Bg3 Nxb4 28. Qxa7 Qc6 29.
Qb8 Qc1+ 30. Kf2 Nd3+ 31. Ke2 Qc2+ 32. Kf1 Qd1+ 0-1

[Event "*** Titled Tuesday Blitz"]
[Site "Chess.com"]
[Date "2019.03.05"]
[Round "7"]
[White "Siemba"]
[Black "checkmatequen"]
[Result "1-0"]
[WhiteElo "2113"]
[BlackElo "2116"]
[TimeControl "180+2"]
[EndTime "14:38:48 PST"]
[Termination "Siemba won by resignation"]

1. e4 c5 2. Nf3 e6 3. d4 cxd4 4.
Nxd4 a6 5. c4 Nf6 6. Nc3 Bb4 7.
Nc2 Bxc3+ 8. bxc3 O-O 9. e5 Ne4 10. Bd3 Nxc3 11. Qh5 g6 12. Qh6 Qa5 13. O-O Qxe5 14. Re1 Qd6 15. Bg5 f5 16. Re3 Ne4 17.
Bxe4 fxe4 18. Rh3 Rf7 19. Bf6 Rxf6 20. Qxh7+ Kf8 21. Qh8+ Ke7 22. Qxc8 Qd2 23. Rh7+ Kd6 24. c5+ Ke5 25. Qc7+ Kf5 26. g4+ Kxg4 27. Qg3+ Kf5 28.
Ne3+ Qxe3 29. fxe3 g5 30. Rf1+ Kg6 1-0

[Event "*** Titled Tuesday Blitz"]
[Site "Chess.com"]
[Date "2019.03.05"]
[Round "7"]
[White "Tiqr777"]
[Black "KRASAVCHIK2002"]
[Result "1-0"]
[WhiteElo "2486"]
[BlackElo "2299"]
[TimeControl "180+2"]
[EndTime "14:38:49 PST"]
[Termination "Tiqr777 won by resignation"]

1. e4 c5 2. Nf3 d6 3. Nc3 Nf6 4. e5 dxe5 5. Nxe5 e6 6. g3 Bd6 7. Nc4 Bc7 8. Bg2 O-O 9. O-O Nd5 10. d3 b6 11. a4 Bb7 12. Nb5 a6 13. Nxc7 Qxc7 14.
Re1 Nd7 15. Bd2 b5 16. Na5 c4 17. Nxb7 Qxb7 18. d4 Rac8 19. c3 bxa4 20. Rxa4 Qxb2 21. Qc1 Qxc1 22. Rxc1 Rb8 23. Rxa6 Rb2 24. Be1 Rfb8 25. Raa1 g6 26. Bf1 N7b6 27. Rcb1 Rxb1 28. Rxb1 Ra8 29. Kg2 Ra3 30. Rc1 Kg7 31. h4 h5 32. Rc2 Na4 33.
Bxc4 Naxc3 34. Rb2 Ne4 35. Bxd5 exd5 36. f3 Nd6 37.
Bb4 1-0

[Event "*** Titled Tuesday Blitz"]
[Site "Chess.com"]
[Date "2019.03.05"]
[Round "7"]
[White "vovachesss"]
[Black "vgyogi"]
[Result "1-0"]
[WhiteElo "2576"]
[BlackElo "2129"]
[TimeControl "180+2"]
[EndTime "14:38:51 PST"]
[Termination "vovachesss won by resignation"]

1. e4 c5 2. d4 cxd4 3. c3 d5 4.
exd5 Qxd5 5. Ne2 Nc6 6. cxd4 g6 7. Nbc3 Qd8 8. Be3 Bg7 9. d5 Ne5 10. Nf4 Nf6 11. Bb5+ Bd7 12. O-O O-O 13. Re1 Bxb5 14. Nxb5 Nc4 15. Bxa7 Rxa7 16. Nxa7 Qb8 17. Qb3 Nd2 18. Qb4 Qxa7 19. Qxd2 Qc5 20. Rac1 Qd6 21. Ne2 Nxd5 22. Red1 e6 23. Nc3 Rd8 24. Nxd5 exd5 25.
b3 d4 26. Qd3 Qa3 27. Qb5 Qxa2 28. Qxb7 d3 29. Rc8 Rxc8 30. Qxc8+ Bf8 31. Qc3 d2 32. g3 Bh6 33. f4 Qa7+ 34. Kg2 Qb7+ 35. Qf3 Qb4 36. Qe3 Qb7+ 37. Kf2 Bf8 38. Rxd2 Qh1 39. h4 Qc1 40. Kg2 Qc6+ 41. Qf3 Qc1 42.
Qd5 Qe1 43. f5 gxf5 44. Rf2 f4 45. Rxf4 Qe2+ 46. Rf2 Qe1 47. Qxf7+ 1-0

[Event "*** Titled Tuesday Blitz"]
[Site "Chess.com"]
[Date "2019.03.05"]
[Round "7"]
[White "chenrip"]
[Black "NateSolon"]
[Result "1-0"]
[WhiteElo "2318"]
[BlackElo "2531"]
[TimeControl "180+2"]
[EndTime "14:38:52 PST"]
[Termination "chenrip won on time"]

1. e4 c5 2. Nf3 d6 3. Bb5+ Nd7 4. a4 Nf6 5. Nc3 a6 6. Bc4 e6 7. d4 cxd4 8. Nxd4 Qc7 9. Ba2 Nc5 10. Qe2 b6 11.
O-O Bb7 12. f3 Be7 13. b4 Ncd7 14. Bb2 O-O 15. Rad1 d5 16. exd5 Bxb4 17. dxe6 Bxc3 18. Bxc3 Qxc3 19. exd7 Nxd7 20. Kh1 Nc5 21. Nf5 Rad8 22. Rxd8 Rxd8 23. Qe7 Qf6 24. Qxf6 gxf6 25. h4 Rd2 26.
Re1 Kf8 27. h5 Rxc2 28. Bb1 Rb2 29. h6 Nxa4 30. Ng7 Bc6 31. Be4 Bb5 32. Bxh7 Nc5 33. Bf5 Nd3 34. Re3 Ne5 35. Nh5 1-0

[Event "*** Titled Tuesday Blitz"]
[Site "Chess.com"]
[Date "2019.03.05"]
[Round "7"]
[White "Stephenzinho"]
[Black "Vuk2000"]
[Result "0-1"]
[WhiteElo "2442"]
[BlackElo "2730"]
[TimeControl "180+2"]
[EndTime "14:38:53 PST"]
[Termination "Vuk2000 won by resignation"]

1. e4 d5 2. exd5 Qxd5 3. Nc3 Qd6 4. g3 Nf6 5. Bg2 c6 6. d3 Bg4 7. Nf3 e6 8. O-O Qd8 9. Re1 Bd6 10. h3 Bxf3 11.
Qxf3 Nbd7 12. Ne4 Nxe4 13. dxe4 Qb6 14. c3 O-O 15. Qe3 Bc5 16. Qe2 a5 17. a4 h6 18.
Rf1 Rfd8 19. Kh2 Qa6 20. Qxa6 Rxa6 21. f4 Nb6 22. Bf3 Raa8 23. Kg2 Nc4 24. b3 Nd2 25. Bxd2 Rxd2+ 26. Kh1 Rd3 27. Rac1 Rad8 28. Rc2 Re3 29. Kg2 Rdd3 30. c4 Rxb3 31. Rd2 g6 32. e5 Rec3 33.
g4 Rxc4 34. f5 gxf5 35. gxf5 exf5 36. Rd8+ Kg7 37. Rd7 Rc2+ 38. Kh1 Rcc3 39. Kg2 Re3 40. Bh5 Rb2+ 0-1

[Event "*** Titled Tuesday Blitz"]
[Site "Chess.com"]
[Date "2019.03.05"]
[Round "7"]
[White "PocketPivot"]
[Black "jflup"]
[Result "1/2-1/2"]
[WhiteElo "2510"]
[BlackElo "2377"]
[TimeControl "180+2"]
[EndTime "14:38:59 PST"]
[Termination "Game drawn by repetition"]

1. d4 Nf6 2. c4 g6 3. Nc3 d5 4. Nf3 Bg7 5. Bg5 Ne4 6. cxd5 Nxg5 7. Nxg5 e6 8. Nf3 exd5 9. e3 O-O 10. b4 c6 11. Be2 Qd6 12. Qb3 Be6 13. O-O Nd7 14.
Rac1 Rfe8 15. a4 b6 16. Rfd1 a5 17. b5 c5 18. dxc5 Nxc5 19. Qa3 Rad8 20. Nd4 Qe5 21. Nc6 Qf5 22. Nxd8 Rxd8 23. Bf3 Bf8 24. Qb2 Nd3 25.
Rxd3 Qxd3 26. Ne2 Bg7 27. Qc2 Qc4 28. Qd1 Qb4 29. Nd4 Qa3 30. Ra1 Qb2 31. Rb1 Qa3 32. Ra1 Qb2 33. Rb1 Qa3 34. Ra1 1/2-1/2

[Event "*** Titled Tuesday Blitz"]
[Site "Chess.com"]
[Date "2019.03.05"]
[Round "7"]
[White "Tjktiger"]
[Black "Orange_Ghost"]
[Result "1-0"]
[WhiteElo "2799"]
[BlackElo "2555"]
[TimeControl "180+2"]
[EndTime "14:39:04 PST"]
[Termination "Tjktiger won by resignation"]

1. d4 Nf6 2. c4 g6 3. Nc3 d5 4. cxd5 Nxd5 5. e4 Nxc3 6. bxc3 Bg7 7. Nf3 c5 8. Be3 O-O 9. Be2 Nc6 10. O-O b6 11. d5 Na5 12. Rc1 e6 13. c4 Bb7 14.
Qd2 Qd7 15. Bh6 Rad8 16. Bxg7 Kxg7 17. Qc3+ f6 18. Ng5 e5 19. Ne6+ Kg8 20. f4 Qd6 21.
fxe5 Qxe5 22. Qxe5 fxe5 23. Nxd8 Rxd8 24. Bg4 Bc8 25.
Bxc8 Rxc8 26. Rf6 Kg7 27. Re6 Rc7 28. Rxe5 Nb7 29. Re6 Nd8 30. Re8 Nf7 31. e5 Nh6 32. d6 Rd7 33. Rf1 Nf5 34. g4 Nxd6 35. exd6 Re7 36. Rxe7+ 1-0

[Event "*** Titled Tuesday Blitz"]
[Site "Chess.com"]
[Date "2019.03.05"]
[Round "7"]
[White "Jbd735"]
[Black "Koksik_13"]
[Result "0-1"]
[WhiteElo "2457"]
[BlackElo "2641"]
[TimeControl "180+2"]
[EndTime "14:39:06 PST"]
[Termination "Koksik_13 won by checkmate"]

1. d4 e6 2. e4 d6 3. Nc3 Nf6 4. f4 Be7 5. Nf3 O-O 6. Bd3 c5 7. dxc5 dxc5 8. O-O Nc6 9. a3 b6 10. e5 Nd5 11. Ne4 h6 12. c4 Nc7 13. Nd6 Bxd6 14.
exd6 Ne8 15. Be4 Bb7 16. Ne5 Nxe5 17. Bxb7 Rb8 18. fxe5 Rxb7 19. Qg4 Kh8 20. Qh5 f6 21. Bd2 Rbf7 22. Bc3 Kg8 23. Rad1 fxe5 24. Rxf7 Rxf7 25. Qxe5 Qd7 26. b4 Rf5 27. Qg3 Nf6 28. bxc5 bxc5 29.
Qg6 Rg5 30. Qd3 e5 31. Qe3 Qg4 32. Rd2 Nd7 33. Qd3 Qf4 34. Rf2 Qg4 35. Qd5+ Kh7 36.
h3 Qg3 37. Qe4+ Rg6 38. Be1 Qg5 39. Bd2 Qh5 40. Kh2 Nf6 41. Qf5 Qh4 42. Be1 Ng4+ 43. Kg1 Nxf2 44. Bxf2 Qxc4 45. d7 Qd5 46. Bh4 Qxg2# 0-1

[Event "*** Titled Tuesday Blitz"]
[Site "Chess.com"]
[Date "2019.03.05"]
[Round "7"]
[White "eljanov"]
[Black "mishanick"]
[Result "0-1"]
[WhiteElo "2762"]
[BlackElo "2982"]
[TimeControl "180+2"]
[EndTime "14:39:07 PST"]
[Termination "mishanick won by resignation"]

1. e4 c5 2. Nf3 d6 3. Bb5+ Nd7 4. O-O a6 5. Bd3 Ngf6 6. a4 e6 7. c3 Qc7 8. Bc2 c4 9. Re1 b6 10. b3 cxb3 11. Bxb3 Bb7 12. Bc2 Be7 13. d4 O-O 14.
Bg5 Rfc8 15. Re3 Nf8 16. Nbd2 Ng4 17. Rd3 Ng6 18. h3 Nf6 19. Re3 h6 20. Bxf6 Bxf6 21. g3 e5 22. Bb3 Rd8 23. Qe2 Rac8 24. h4 Ne7 25. Rd1 Nc6 26. Nf1 Na5 27. Ba2 Nc4 28. Red3 b5 29. N1h2 h5 30. g4 hxg4 31. Nxg4 Qe7 32. Nxf6+ Qxf6 33. Ng5 exd4 34. cxd4 Re8 35.
Rf3 Qg6 36. Rg3 Bxe4 37. Re1 Bc6 38. Qd1 Rxe1+ 39. Qxe1 Re8 40. Qd1 Qc2 41. Qxc2 Re1+ 0-1